 Dungeon Crawl Stone Soup version 0.17-a0-957-ga3519be (webtiles) character file.

121 FedoraBrony69 the Conjurer (level 4, 0/24 HPs)
             Began as a Deep Elf Conjurer on May 7, 2015.
             Slain by a giant gecko (2 damage)
             ... on level 3 of the Dungeon.
             The game lasted 00:04:14 (1970 turns).

FedoraBrony69 the Conjurer (Deep Elf Conjurer)      Turns: 1970, Time: 00:04:14

Health: 0/24       AC:  2    Str:  5    XL:     4   Next: 77%
Magic:  0/13       EV: 13    Int: 21    God:
Gold:   51         SH:  0    Dex: 15    Spells: 1 memorised, 12 levels left

rFire  . . .     SeeInvis .     d - +0 short sword (freeze)
rCold  . . .     Clarity  .     a - +0 robe
rNeg   . . .     SustAb   .     (no shield)
rPois  .         Gourm    .     (no helmet)
rElec  .         Spirit   .     (no cloak)
rCorr  .         Warding  .     (no gloves)
rMut   .         Stasis   .     (no boots)
MR     .....                    (no amulet)
Stlth  ++........               (no ring)
                                (no ring)

@: not resistant to hostile enchantments, unstealthy
A: no striking features
a: no special abilities


You were on level 3 of the Dungeon.
You were not hungry.

You visited 1 branch of the dungeon, and saw 3 of its levels.

You collected 51 gold pieces.

Inventory:

Hand weapons
 d - a +0 short sword of freezing (weapon)
Armour
 a - a +0 robe (worn)
Scrolls
 e - a scroll of identify {unknown}
 f - a scroll of blinking {unknown}
 g - a scroll of magic mapping {unknown}
 m - a scroll of amnesia {unknown}
 n - 2 scrolls of noise {unknown}
Potions
 h - a potion of magic {unknown}
 i - 5 potions of curing {unknown}
 o - 2 potions of cure mutation {unknown}
 p - a potion of resistance {unknown}
 q - a potion of degeneration {unknown}
 r - a potion of flight {unknown}
Books
 b - a book of Conjurations

   Spells                             Type                      Level
   a - Magic Dart                     Conjuration                  1
   b - Searing Ray                    Conjuration                  2
   c - Dazzling Spray                 Conjuration/Hexes            3
   d - Fulminant Prism                Conjuration/Hexes            4
   e - Iskenderun's Mystic Blast      Conjuration                  4
   f - Iskenderun's Battlesphere      Conjuration/Charms           5
Comestibles
 c - 2 bread rations
 j - 6 chunks of flesh
 k - 4 fruits
 l - 2 meat rations


   Skills:
 - Level 2.4 Dodging
 - Level 2.4 Stealth
 + Level 5.4 Spellcasting
 + Level 5.5 Conjurations


You had 12 spell levels left.
You knew the following spells:

 Your Spells              Type           Power        Failure   Level  Hunger
a - Magic Dart            Conj           ####         1%          1    None


Dungeon Overview and Level Annotations

Branches:
Dungeon (3/15)

Altars:
Nemelex Xobeh
Okawaru


Message History

Press: ? - help, Shift-Dir - straight line, f - giant gecko
Aim: a giant gecko (moderately wounded, clinging)
The magic dart hits the giant gecko.
The giant gecko is heavily wounded.
The giant gecko misses you.
You see here a tomahawk.
Casting: Magic Dart
Confirm with . or Enter, or press ? or * to list all spells.
Aiming: Magic Dart
Press: ? - help, Shift-Dir - straight line, f/p - giant gecko
Aim: a giant gecko (heavily wounded, clinging)
The magic dart hits the giant gecko.
The giant gecko is heavily wounded.
The giant gecko barely misses you. The giant gecko bites you.
* * * LOW HITPOINT WARNING * * *
You miss the giant gecko.
The giant gecko is heavily wounded.
The giant gecko bites you.
You die...

.#..... ....>.
....# .†.# #####
..# #...### #)#
##.....# #)#
#......#####l#
#......##..@.#
#.....###....#
#.).....#....#
#)....#.#....#
######)....#.####(#
#.....##.#........#
#...[....#....#####
#.....####....#
###.### #....#
#####


You could see a giant gecko.

Vanquished Creatures
  An orc priest (D:3)
  An ooze (D:1)
  2 adder zombies (D:2)
  A worm (D:2)
  An adder skeleton (D:2)
  4 giant geckos
  10 orcs (D:3)
  6 bats
  A bat skeleton (D:2)
  3 giant cockroaches (D:1)
  3 goblins
  6 hobgoblins
  10 kobolds
  A quokka (D:2)
  A ball python (D:2)
  A ball python zombie (D:2)
  A giant cockroach zombie (D:2)
  3 giant gecko skeletons (D:2)
  3 giant newts
  A jackal skeleton (D:2)
  3 rats
63 creatures vanquished.

Notes
Turn   | Place    | Note
--------------------------------------------------------------
     0 | D:1      | FedoraBrony69, the Deep Elf Conjurer, began the quest for the Orb.
     0 | D:1      | Reached XP level 1. HP: 10/10 MP: 6/6
    15 | D:1      | Reached XP level 2. HP: 15/15 MP: 0/8
   466 | D:1      | Reached XP level 3. HP: 16/19 MP: 3/10
   817 | D:2      | Reached skill level 5 in Conjurations
  1138 | D:2      | Found an iron altar of Okawaru.
  1331 | D:2      | Reached XP level 4. HP: 24/24 MP: 0/12
  1498 | D:2      | Found a sparkling altar of Nemelex Xobeh.
  1766 | D:3      | Reached skill level 5 in Spellcasting
  1970 | D:3      | Slain by a giant gecko

Action                   |  1- 3 |  4- 6 || total
-------------------------+-------+-------++-------
Melee: Short sword       |    16 |     7 ||    23
 Cast: Magic Dart        |   109 |    52 ||   161
  Eat: Chunk             |     1 |     2 ||     3
